 Dungeon Crawl Stone Soup version 0.30-a0-694-g3340775977 (webtiles) character file.

Game seed: 17115526206234785853

23378 M4edhros the Nimble (level 13, 0/89 HPs)
             Began as an Octopode Wanderer on Jan 20, 2023.
             Was a High Priest of Cheibriados.
             Slain by an orc warrior
             ... wielding a +0 halberd
              (10 damage)
             ... on level 2 of the Orcish Mines.
             The game lasted 00:28:28 (8668 turns).

M4edhros the Nimble (Octopode Wanderer)             Turns: 8668, Time: 00:28:29

Health: 0/89       AC:  3    Str: 21    XL:     13   Next: 6%
Magic:  13/16      EV: 26    Int: 22    God:    Cheibriados [*****.]
Gold:   912        SH:  0    Dex: 30    Spells: 5/12 levels left

rFire   . . .      SeeInvis .    C - +5 trident "Lilues" {vamp, rPois Str+2 Dex-2}
rCold   + . .      Faith    .    (no shield)
rNeg    . . .      Spirit   .    c - +2 hat
rPois   +          Reflect  .    e - amulet of regeneration
rElec   .          Harm     .    E - ring of protection from cold
rCorr   .          Rampage  .    (no ring)
Will    .....                    (no ring)
Stlth   +++                      (no ring)
HPRegen 1.14/turn                (no ring)
MPRegen 0.15/turn                (no ring)
                                 (no ring)
                                 (no ring)

@: about to teleport, liquefying, slowed movement, very slow
A: almost no armour, amphibious, 8 rings, camouflage 1, gelatinous body 1,
(nimble swimmer 1), tentacles, dopey 1
a: Renounce Religion, Bend Time, Temporal Distortion, Slouch, Step From Time


You were on level 2 of the Orcish Mines.
You worshipped Cheibriados.
Cheibriados was extremely pleased with you.
You visited 3 branches of the dungeon, and saw 14 of its levels.

You collected 1042 gold pieces.
You spent 130 gold pieces at shops.

Inventory:

Hand Weapons
 a - a +0 quarterstaff
 o - a +0 spear of venom
 q - a +1 sling
 C - the +5 trident "Lilues" (weapon) {vamp, rPois Str+2 Dex-2}
   (You found it on level 8 of the Dungeon)

   Str:       It affects your strength (+2).
   Dex:       It affects your dexterity (-2).
   rPois:     It protects you from poison.
Armour
 c - a +2 hat (worn)
Magical Staves
 v - a staff of air
 D - a staff of air
Jewellery
 e - an amulet of regeneration (around mantle)
 E - a ring of protection from cold (left tentacle)
Scrolls
 j - 3 scrolls of teleportation
 k - 2 scrolls of noise
 n - 2 scrolls of silence
 p - a scroll of amnesia
 t - a scroll of brand weapon
 y - a scroll of magic mapping
Potions
 h - a potion of might
 i - a potion of magic
 l - 3 potions of flight
 s - a potion of haste
 u - a potion of berserk rage
 F - a potion of cancellation {unknown}


   Skills:
 - Level 8.5 Fighting
 - Level 11.0(11.1) Polearms
 - Level 2.0(7.2) Staves
 - Level 11.4 Dodging
 - Level 2.0 Unarmed Combat
 + Level 8.7 Hexes
 + Level 7.9 Earth Magic
 - Level 5.0 Invocations
 - Level 1.1 Evocations


You had 5 spell levels left.
You knew the following spells:

 Your Spells              Type           Power      Damage    Failure   Level
a - Leda's Liquefaction   Hex/Erth       18%        N/A       5%          4
b - Dazzling Flash        Conj/Hex       38%        N/A       9%          3

Your spell library contained the following spells:

 Spells                   Type           Power      Damage    Failure   Level
 Portal Projectile        Hex/Tloc       38%        N/A       9%          3
 Call Canine Familiar     Summ           0%         N/A       45%         3
 Ignite Poison            Fire/Tmut/Pois 0%         N/A       45%         3
 Iskenderun's Mystic Bla  Conj/Tloc      0%         2d3       86%         4
 Sticky Flame             Conj/Fire      0%         2d3       86%         4
 Starburst                Conj/Fire      0%         6d3       100%        6
 Ignition                 Fire           0%         3d3       100%        8


Dungeon Overview and Level Annotations

Branches:
Dungeon (11/15)            Temple (1/1) D:7            Lair (0/5) D:9
    Orc (2/2) D:9             Elf (0/3) Orc:2

Altars:
Ashenzari
Cheibriados
Dithmenos
Elyvilon
Fedhas
Hepliaklqana
Kikubaaqudgha
Makhleb
Nemelex Xobeh
Qazlal
Sif Muna
Trog
Vehumet
Wu Jian
Xom
Yredelemnul
The Shining One

Shops:
D:7 ?   D:10 :   Orc:2 [


Innate Abilities, Weirdness & Mutations

You cannot wear most types of armour.
You are amphibious.
You can wear up to eight rings at the same time.
Your skin changes colour to match your surroundings (Stealth+).
Your rubbery body absorbs attacks. (AC +1, EV +1)
((You are camouflaged when in or above water. (Stealth+)))
You have tentacles for arms and can constrict up to eight enemies at once.
You are dopey. (Int -2)


Message History

You constrict the orc knight.
The orc knight is no longer blind.
The orc knight hits you with a +1 vampiric great sword!!
The orc knight draws strength from your wounds!
You puncture the orc knight!
You feel better.
You squeeze the orc knight, but do no damage.
The orc knight is heavily wounded.
You constrict the orc knight! The orc knight completely misses you.
You hit the orc knight. You squeeze the orc knight.
The orc knight is severely wounded.
You constrict the orc knight. You hit the orc knight.
You feel better.
You squeeze the orc knight.
The orc knight is severely wounded.
You constrict the orc knight, but do no damage.
The orc knight misses you.
You puncture the orc knight!
You squeeze the orc knight, but do no damage.
The orc knight is almost dead.
You constrict the orc knight.
You kill the orc knight!
Cheibriados appreciates the change of pace.
Things that are here:
a +1 vampiric great sword; a +0 plate armour; an orc corpse
Things that are here:
a +0 arbalest; a +0 trident; a +0 chain mail An orc warrior comes into view.
It is wielding a +0 halberd.
The orc knight shouts!
You hear a shout!
The orc knight unwields a +0 great sword.
The orc knight wields a +0 arbalest.
The orc knight shoots a bolt.
The bolt hits you!!
The orc warrior hits you from afar with a +0 halberd!
The orc knight shoots a bolt.
The bolt misses you.
You are too injured to fight recklessly!
You are too injured to fight recklessly!
As you read the scroll of teleportation, it crumbles to dust.
You feel strangely unstable. The orc warrior misses you.
The orc knight shoots a bolt.
The bolt hits you!!
The orc knight shoots a bolt.
The bolt hits you!!
* * * LOW HITPOINT WARNING * * *
The orc warrior hits you from afar with a +0 halberd!
You die...

.............#.............
...o.........#.#.#.#.#.#.#.
...........................
...........................
..................)...........
.............).)#3#.#.#.#.#.#.
........)...)o))#..........o..
.........)...)..##............
..........).)@..####.........#
..........)..)..# ###.....###
..........).))..# #######
.......)....))################
.............))....#...#..#...
......))).....))..###......#.#
.......).........##.........##
........)........).........##
.................##.......####


You could see an orc knight and an orc warrior.

Vanquished Creatures
  Rupert (Orc:2)
  An ogre mage (Orc:1)
  6 two-headed ogres (Orc:1)
  5 orc high priests (Orc:2)
  6 orc knights (Orc:2)
  2 orc sorcerers (Orc:2)
  4 trolls
  A hornet (D:9)
  Sigmund (D:4)
  A shadow (D:10)
  13 yaks
  4 vampire mosquitoes (D:10)
  2 wargs (Orc:1)
  2 water moccasins
  21 orc warriors
  A black bear (D:8)
  2 sky beasts
  2 ice beasts
  19 ogres
  3 centaurs
  3 bullfrogs
  Blork the orc (D:4)
  A necrophage (D:7)
  4 scorpions
  6 wights
  9 killer bees
  2 howler monkeys
  4 hounds
  A jelly (D:6)
  29 orc priests
  2 gnoll boudas (D:7)
  Jessica (D:3)
  5 iguanas
  Ijyb (D:3)
  Terence (D:3)
  16 orc wizards
  Robin (D:3)
  12 gnolls
  9 adders
  3 shadow imps
  2 white imps (D:7)
  2 ufetubi (D:5)
  6 worms
  A dart slug (D:4)
  78 orcs
  3 ball pythons
  3 endoplasms
  A giant cockroach (D:2)
  10 goblins
  7 hobgoblins
  5 kobolds
  3 quokkas
  4 bats
  2 frilled lizards (D:2)
  3 rats (D:3)
  A butterfly (D:7)
339 creatures vanquished.

Vanquished Creatures (others)
  An orc wizard (D:4)
  4 fungi (D:9)
  3 plants (D:9)
8 creatures vanquished.

Grand Total: 347 creatures vanquished

Notes
Turn   | Place    | Note
-------+----------+-------------------------------------------
     0 | D:1      | M4edhros the Octopode Wanderer began the quest for the Orb.
     0 | D:1      | M4edhros set off with the following items: a +0
                  | quarterstaff, 2 scrolls of fear, a +0 hat, a potion of
                  | haste.
     0 | D:1      | Reached XP level 1. HP: 14/14 MP: 1/1
    83 | D:2      | Reached XP level 2. HP: 20/20 MP: 2/2
    89 | D:2      | You fall into a shaft and drop 1 floor!
    92 | D:3      | Noticed Ijyb
    98 | D:3      | Killed Ijyb
    99 | D:3      | Reached XP level 3. HP: 21/26 MP: 3/3
   167 | D:3      | Noticed Terence
   172 | D:3      | Reached XP level 4. HP: 30/31 MP: 4/4
   176 | D:3      | Killed Terence
   244 | D:4      | Noticed a scorpion
   251 | D:4      | Noticed Sigmund
   402 | D:4      | Reached XP level 5. HP: 24/37 MP: 5/5
   584 | D:4      | Killed Sigmund
   585 | D:4      | Reached skill level 5 in Dodging
   585 | D:4      | Reached XP level 6. HP: 22/45 MP: 6/6
   602 | D:5      | Entered Level 5 of the Dungeon
   702 | D:4      | Reached skill level 5 in Fighting
   896 | D:4      | Reached XP level 7. HP: 23/50 MP: 7/7
  1063 | D:4      | Found a shimmering altar of Xom.
  1064 | D:4      | Found a hazy altar of Hepliaklqana.
  1065 | D:4      | Noticed a spectral ugly thing
  1175 | D:4      | Noticed Blork the orc
  1184 | D:4      | Killed Blork the orc
  1565 | D:5      | Reached XP level 8. HP: 12/58 MP: 8/8
  2218 | D:6      | Found a sparkling altar of Nemelex Xobeh.
  2604 | D:6      | Gained mutation: You are covered in fur. (AC +1) [potion of
                  | mutation]
  2605 | D:6      | Lost mutation: You are covered in fur. (AC +1) [potion of
                  | mutation]
  2605 | D:6      | Gained mutation: Your mind is acute. (Int +4, Str/Dex -1)
                  | [potion of mutation]
  2605 | D:6      | Gained mutation: You have hidden genetic defects. [potion
                  | of mutation]
  2605 | D:6      | Gained mutation: You are robust. (+10% HP) [potion of
                  | mutation]
  2606 | D:6      | Lost mutation: You are robust. (+10% HP) [potion of
                  | mutation]
  2606 | D:6      | Lost mutation: You have hidden genetic defects. [potion of
                  | mutation]
  2606 | D:6      | Lost mutation: Your mind is acute. (Int +4, Str/Dex -1)
                  | [potion of mutation]
  2606 | D:6      | Gained mutation: One of your tentacles bears a spike.
                  | [potion of mutation]
  2606 | D:6      | Lost mutation: One of your tentacles bears a spike. [potion
                  | of mutation]
  2919 | D:7      | Reached XP level 9. HP: 66/66 MP: 9/9
  3123 | D:7      | Found a blossoming altar of Fedhas.
  3125 | D:7      | Found a bloodstained altar of Trog.
  3140 | D:7      | Found Lureojov's Magic Scroll Emporium.
  3173 | D:7      | Bought a scroll of poison for 52 gold pieces
  3173 | D:7      | Bought a scroll of teleportation for 39 gold pieces
  3173 | D:7      | Bought a scroll of teleportation for 39 gold pieces
  3329 | D:7      | Found a staircase to the Ecumenical Temple.
  3519 | D:7      | Found an ornate altar of the Wu Jian Council.
  3568 | Temple   | Entered the Ecumenical Temple
  3655 | Temple   | Became a worshipper of Cheibriados the Contemplative
  4056 | D:2      | Reached * piety under Cheibriados
  4172 | D:3      | Noticed Robin
  4197 | D:3      | Killed Robin
  4381 | D:3      | Noticed Jessica
  4383 | D:3      | Killed Jessica
  4510 | D:8      | Reached skill level 1 in Polearms
  4538 | D:8      | Reached ** piety under Cheibriados
  4676 | D:8      | Noticed a troll
  4683 | D:8      | Killed a troll
  4717 | D:8      | Reached skill level 10 in Dodging
  4773 | D:8      | Found a burning altar of Makhleb.
  4827 | D:8      | Reached XP level 10. HP: 20/73 MP: 10/10
  4878 | D:8      | Identified the +5 trident "Lilues" {vamp, rPois Str+2
                  | Dex-2}
  4987 | D:9      | Learned a level 4 spell: Leda's Liquefaction
  5006 | D:9      | Found a basalt altar of Yredelemnul.
  5007 | D:9      | Found a stormy altar of Qazlal.
  5009 | D:9      | Found a white marble altar of Elyvilon.
  5044 | D:9      | Reached skill level 1 in Hexes
  5044 | D:9      | Reached skill level 1 in Earth Magic
  5182 | D:9      | Found a staircase to the Lair.
  5206 | D:9      | Found a staircase to the Orcish Mines.
  5271 | D:9      | Found a shimmering blue altar of Sif Muna.
  5558 | D:9      | Reached *** piety under Cheibriados
  5844 | D:10     | Entered Level 10 of the Dungeon
  6121 | D:10     | Reached skill level 5 in Polearms
  6138 | D:10     | Learned a level 3 spell: Dazzling Flash
  6220 | D:10     | Found Caxeupt's Book Shop.
  6295 | D:10     | Reached **** piety under Cheibriados
  6296 | D:10     | Reached XP level 11. HP: 45/78 MP: 11/11
  6535 | D:10     | Reached skill level 5 in Earth Magic
  6599 | D:11     | Noticed a boulder beetle
  6635 | Orc:1    | Entered Level 1 of the Orcish Mines
  7041 | Orc:1    | Reached skill level 5 in Hexes
  7170 | Orc:1    | Noticed a two-headed ogre
  7173 | Orc:1    | Noticed a two-headed ogre
  7188 | Orc:1    | Killed a two-headed ogre
  7203 | Orc:1    | Killed a two-headed ogre
  7207 | Orc:1    | Noticed a two-headed ogre
  7217 | Orc:1    | Killed a two-headed ogre
  7266 | Orc:1    | Noticed a two-headed ogre
  7266 | Orc:1    | Noticed a two-headed ogre
  7269 | Orc:1    | Noticed a two-headed ogre
  7279 | Orc:1    | Killed a two-headed ogre
  7279 | Orc:1    | Reached ***** piety under Cheibriados
  7287 | Orc:1    | Noticed an ogre mage
  7301 | Orc:1    | Killed an ogre mage
  7309 | Orc:1    | Killed a two-headed ogre
  7320 | Orc:1    | Reached XP level 12. HP: 76/84 MP: 12/12
  7336 | Orc:1    | Killed a two-headed ogre
  7445 | Orc:2    | Entered Level 2 of the Orcish Mines
  7596 | Orc:2    | Found Jauklor's Antique Armour Shop.
  7795 | Orc:2    | Reached skill level 10 in Polearms
  7940 | Orc:2    | Found a staircase to the Elven Halls.
  7941 | Orc:2    | Noticed Rupert
  7959 | Orc:2    | Killed Rupert
  8029 | Orc:2    | Reached skill level 1 in Invocations
  8036 | Orc:2    | Noticed an orc high priest
  8048 | Orc:2    | Killed an orc high priest
  8056 | Orc:2    | Noticed an orc high priest
  8168 | Orc:2    | Gained mutation: You are dopey. (Int -2) [a neqoxec]
  8171 | Orc:2    | Killed an orc high priest
  8266 | Orc:2    | Noticed an orc high priest
  8365 | Orc:2    | Noticed an orc high priest
  8379 | Orc:2    | Killed an orc high priest
  8383 | Orc:2    | Reached skill level 5 in Invocations
  8622 | Orc:2    | Killed an orc high priest
  8623 | Orc:2    | Reached XP level 13. HP: 78/89 MP: 16/16
  8668 | Orc:2    | Slain by an orc warrior

Illustrated notes

Levels and vault maps discovered:
D:1:      lemuel_arrival_river_passageway, layout_rooms,
          minmay_misc_feat_more_columns, minivault_27
D:2:      minmay_general_purpose_star, layout_loops_ring, basic_altar,
          shapermc_ecumenical_altar_hornbeckon, hangedman_decor_push
D:3:      layout_loops_ring, minmay_distorted, uniq_jessica, uniq_terence,
          uniq_robin, uniq_ijyb
D:4:      layout_rooms, regret_index_temple_of_mockery, st_stairs_12,
          dreamdust_gnoll_farm, uniq_blork_the_orc, uniq_sigmund
D:5:      lemuel_ratsnest, layout_cave_pools, nicolae_uskayaw_suspiria
D:6:      layout_basic, mainiacjoe_overflow_tiny_flanked
D:7:      layout_loops_ring, mainiacjoe_overflow_surrounded_room,
          chequers_temple_overflow_statue_of_worship,
          minmay_temple_entry_butterflies, serial_shops, nicolae_shop_stone,
          roderic_st_hans_cross, grunt_decor_fettered
D:8:      layout_cave_pods, lemuel_crystal_altar
D:9:      layout_loops_ring, tgw_sif, grunt_temple_overflow_open,
          dpeg_oklobed_lair, orc_0_dummy
D:10:     layout_rooms, serial_shops, shop_statue
D:11:     layout_cave_pools
Temple:   jpeg_temple_alley_garden
Orc:1:    lemuel_ogre_cave, layout_caves, basic_altar
Orc:2:    st_orc_pillars, layout_caves, serial_shops, nicolae_shop_trees,
          uniq_snorg, uniq_rupert

Skill      XL: |  1  2  3  4  5  6  7  8  9 10 11 12 |
---------------+-------------------------------------+-----
Fighting       | 3 4 5 6 8 |  8.5
Dodging        | 3 4 5 6 8 10 11 | 11.4
Polearms       | 2 5 9 11 | 11.0
Hexes          | 3 7 8 |  8.7
Earth Magic    | 4 6 7 |  7.9
Invocations    | 5 |  5.0
Staves         | |  2.0
Unarmed Combat | |  2.0
Evocations     | |  1.1

Action                   |  1- 3 |  4- 6 |  7- 9 | 10-12 | 13-15 || total
-------------------------+-------+-------+-------+-------+-------++-------
Melee: Quarterstaff      |    17 |    54 |    88 |       |       ||   159
       Constrict         |     4 |    17 |    70 |    66 |     2 ||   159
       Tentacles         |     4 |    10 |    92 |   132 |    12 ||   250
       Punch             |       |     6 |    11 |    17 |       ||    34
       Spear             |       |       |   200 |     5 |       ||   205
       Trident           |       |       |       |   586 |    20 ||   606
 Cast: Leda's Liquefacti |       |       |       |     7 |     1 ||     8
       Dazzling Flash    |       |       |       |     4 |     1 ||     5
Invok: Slouch            |       |       |       |     6 |       ||     6
Evoke: Wand              |       |     6 |    18 |    24 |       ||    48
  Use: Potion            |       |     1 |    10 |     8 |       ||    19
       Scroll            |       |       |     9 |    17 |     1 ||    27
 Stab: Sleeping          |     2 |     3 |    14 |     8 |       ||    27
       Paralysed         |       |     7 |    17 |    17 |       ||    41
       Distracted        |       |       |     1 |     1 |       ||     2
       Invisible         |       |       |       |     3 |     3 ||     6
Armor: Skin              |     1 |     1 |    10 |    19 |       ||    31
Dodge: Dodged            |     8 |    57 |   215 |   480 |    14 ||   774

Table legend: (Time is in decaauts)
 A = Elapsed time spent in this place.
 B = Non-inter-level travel time spent in this place.
 C = Inter-level travel time spent in this place.
 D = Time resting spent in this place.
 E = Time spent auto-exploring this place.
 F = Levels seen in this place.
 G = Mean time per level.
                   A        B        C        D        E       F      G
               +--------+--------+--------+--------+--------+-----+--------+
         Total |  10703 |   9522 |   1181 |    463 |   4973 |  14 |  764.5 |
       Dungeon |   7543 |   6629 |    914 |    463 |   3286 |  11 |  685.7 |
        Temple |    124 |     87 |     37 |      0 |     79 |   1 |  124.0 |
  Orcish Mines |   3035 |   2805 |    230 |      0 |   1607 |   2 | 1517.5 |
               +--------+--------+--------+--------+--------+-----+--------+

Top non-repeatable levels by time:
   Orc:2: 1846 daAuts
     D:9: 1228 daAuts
   Orc:1: 1188 daAuts
    D:10: 997 daAuts
     D:7: 959 daAuts
     D:4: 938 daAuts
     D:6: 886 daAuts
     D:3: 758 daAuts
     D:5: 698 daAuts
     D:8: 575 daAuts
     D:2: 465 daAuts
  Temple: 124 daAuts
    D:11: 26 daAuts
     D:1: 9 daAuts
